 Dungeon Crawl Stone Soup version 0.24.1-8-ga250c9d538 (webtiles) character file.

Game seed: 355099066151685729, levelgen mode: deterministic

2810 Peloso the Carver (level 10, -2/77 HPs)
             Began as a Formicid Fighter on Apr 29, 2020.
             Was a Follower of Okawaru.
             Slain by an orc warrior
             ... wielding a +0 mace
              (17 damage)
             ... on level 8 of the Dungeon.
             The game lasted 00:13:34 (6689 turns).

Peloso the Carver (Formicid Fighter)                Turns: 6689, Time: 00:13:34

Health: -2/77      AC: 12    Str: 23    XL:     10   Next: 2%
Magic:  8/10       EV: 11    Int:  8    God:    Okawaru [*.....]
Gold:   521        SH: 15    Dex: 11    Spells: 9/9 levels left

rFire    + . .     SeeInvis +   a - +3 falchion (flame)
rCold    + . .     Gourm    .   c - +0 shield
rNeg     . . .     Faith    .   o - +0 chain mail {rC+}
rPois    .         Spirit   .   (helmet unavailable)
rElec    .         Reflect  +   (no cloak)
rCorr    .         Harm     .   (no gloves)
MR       +....                  (no boots)
Stlth    +.........             C - +2 amulet of reflection
HPRegen  0.22/turn              n - ring of protection from fire
MPRegen  0.12/turn              t - ring of stealth

@: heroism
A: permanent stasis, dig shafts and tunnels, four strong arms, antennae 3
a: Dig, Shaft Self, Heroism, Renounce Religion


You were on level 8 of the Dungeon.
You worshipped Okawaru.
Okawaru was aware of your devotion.
You were very hungry.

You visited 2 branches of the dungeon, and saw 9 of its levels.

You collected 521 gold pieces.

Inventory:

Hand Weapons
 a - a +3 falchion of flaming (weapon)
 b - a +1 falchion of pain
Armour
 c - a +0 shield (worn)
 o - a +0 chain mail of cold resistance (worn)
Jewellery
 n - a ring of protection from fire (left hand)
 t - a ring of stealth (right hand)
 C - a +2 amulet of reflection (around neck)
Wands
 p - a wand of paralysis (6)
 u - a wand of flame (14)
 z - a wand of iceblast (8)
 A - a wand of polymorph (6)
Scrolls
 e - 5 scrolls of teleportation {unknown}
 g - a scroll of remove curse
 h - 2 scrolls of amnesia
 q - a scroll of magic mapping
 r - a scroll of identify
 s - 3 scrolls of fog {unknown}
 v - a scroll of enchant weapon {unknown}
 w - 2 scrolls of blinking {unknown}
 y - a scroll of noise
Potions
 d - a potion of might
 i - a potion of cancellation
 j - a potion of invisibility
 k - a potion of agility
 l - 2 potions of curing
 m - 2 potions of mutation
 x - 3 potions of haste
Comestibles
 f - 12 rations


   Skills:
 + Level 6.4(11.4) Fighting
 + Level 8.3(13.3) Long Blades
 + Level 7.0(12.0) Armour
 + Level 1.8(6.8) Dodging
 + Level 2.2(7.2) Stealth
 + Level 8.2(13.2) Shields


You had 9 spell levels left.
You didn't know any spells.
Your spell library was empty.

Dungeon Overview and Level Annotations

Branches:
Dungeon (8/15)             Temple (1/1) D:4
   Lair: D:8-11

Altars:
Ashenzari
Cheibriados
Dithmenos
Elyvilon
Fedhas
Gozag
Hepliaklqana
Makhleb
Nemelex Xobeh
Okawaru
Qazlal
Ru
Sif Muna
Trog
Uskayaw
Vehumet
Wu Jian
Xom
Zin
The Shining One


Innate Abilities, Weirdness & Mutations

You cannot be hasted, slowed, berserked, paralysed or teleported.
You can dig through walls and to a lower floor.
Your four strong arms can wield two-handed weapons with a shield.
You have a pair of large antennae on your head. (SInv)


Message History

* * * LOW HITPOINT WARNING * * *
The orc barely misses you.
You closely miss the orc warrior.
The orc warrior is severely wounded.
The orc warrior hits you with a +0 mace!
* * * LOW HITPOINT WARNING * * *
You hit the orc warrior. You burn the orc warrior.
The orc warrior is almost dead.
You block the orc's attack.
You closely miss the orc warrior.
The orc warrior is almost dead.
The orc warrior hits you with a +0 mace.
* * * LOW HITPOINT WARNING * * *
The orc completely misses you.
You riposte.
You are feeling very hungry.
You hit the orc. You burn the orc.
The orc is moderately wounded.
You feel better.
The orc warrior hits you with a +0 mace!
You die...

... #.## ... #.
#.## ##..
#)<#..[
...####)#.#
#)....)..#
#..###..#..# #
#o@)...#...
#o#$......#
#............
........#.#####
.........##.#
........## .#
.....(..# ..
.#......#
#......#


You could see an orc warrior and an orc.

Vanquished Creatures
  Pikel (D:6)
  An ice beast (D:7)
  4 sky beasts
  2 ogres
  2 phantoms (D:5)
  A centaur (D:5)
  A big kobold (D:7)
  Blork the orc (D:5)
  A bullfrog (D:7)
  A gnoll sergeant (D:8)
  A scorpion (D:8)
  5 killer bees (D:7)
  5 wights (D:7)
  2 jellies
  6 orc priests
  A hound (D:5)
  Jessica (D:3)
  An iguana (D:7)
  Terence (D:3)
  An orc wizard (D:7)
  3 worker ants
  Ijyb (D:3)
  Robin (D:3)
  A howler monkey skeleton (D:5)
  9 gnolls
  2 adders (D:4)
  A shadow imp (D:6)
  An ooze (D:5)
  A worm (D:2)
  2 dart slugs
  4 leopard geckos
  23 orcs
  3 bats
  4 giant cockroaches
  9 hobgoblins
  7 jackals
  2 quokkas
  3 ball pythons
  2 frilled lizards
  12 goblins
  5 kobolds
  A quokka skeleton (D:5)
  7 rats
  A toadstool (D:1)
144 creatures vanquished.

Vanquished Creatures (others)
  A goblin (D:3)
  2 toadstools (D:1)
3 creatures vanquished.

Grand Total: 147 creatures vanquished

Notes
Turn   | Place    | Note
-------+----------+-------------------------------------------
     0 | D:1      | Peloso the Formicid Fighter began the quest for the Orb.
     0 | D:1      | Reached XP level 1. HP: 18/18 MP: 1/1
    64 | D:1      | Reached XP level 2. HP: 21/24 MP: 2/2
   301 | D:1      | Reached XP level 3. HP: 23/29 MP: 3/3
   373 | D:1      | Found a sparkling altar of Nemelex Xobeh.
   975 | D:2      | You fall into a shaft and drop 1 floor!
  1012 | D:3      | Noticed Jessica
  1023 | D:3      | Killed Jessica
  1023 | D:3      | Reached XP level 4. HP: 34/36 MP: 4/4
  1111 | D:3      | Found a snail-covered altar of Cheibriados.
  1130 | D:3      | Reached XP level 5. HP: 42/42 MP: 5/5
  1173 | D:3      | Noticed Robin
  1195 | D:3      | Killed Robin
  1195 | D:3      | Reached skill level 1 in Stealth
  1296 | D:3      | Noticed Terence
  1318 | D:3      | Killed Terence
  1318 | D:3      | Reached skill level 5 in Shields
  1674 | D:3      | Noticed Ijyb
  1681 | D:3      | Killed Ijyb
  2242 | D:2      | Reached XP level 6. HP: 37/48 MP: 6/6
  2558 | D:4      | Found an ornate altar of the Wu Jian Council.
  2716 | D:4      | Found a staircase to the Ecumenical Temple.
  2724 | Temple   | Entered the Ecumenical Temple
  3192 | D:5      | Entered Level 5 of the Dungeon
  3236 | D:5      | Reached skill level 1 in Dodging
  3244 | D:5      | Noticed Blork the orc
  3254 | D:5      | Killed Blork the orc
  3254 | D:5      | Reached XP level 7. HP: 46/54 MP: 7/7
  3322 | D:5      | Found an opulent altar of Gozag.
  3401 | D:5      | Reached skill level 5 in Armour
  3595 | D:5      | Reached skill level 5 in Long Blades
  4040 | D:5      | Reached XP level 8. HP: 50/61 MP: 8/8
  4321 | D:6      | Found an iron altar of Okawaru.
  4331 | D:6      | Became a worshipper of Warmaster Okawaru
  4424 | D:6      | Noticed Pikel
  4468 | D:6      | Killed Pikel
  4468 | D:6      | Reached skill level 5 in Fighting
  5005 | D:7      | Reached XP level 9. HP: 66/68 MP: 9/9
  5569 | D:7      | Reached * piety under Okawaru
  6666 | D:8      | Reached XP level 10. HP: 70/77 MP: 10/10
  6689 | D:8      | Slain by an orc warrior

Levels and vault maps discovered:
D:1:      dpeg_arrival_erosion, layout_rooms, minmay_gold_behind_fungi,
          chequers_serial_rivers_room_a, nemelex_altar_shiori
D:2:      layout_basic, first_ration
D:3:      layout_loops_ring, kennysheep_slug_shrine, hangedman_decor_growths,
          uniq_jessica, uniq_terence, uniq_ijyb, uniq_robin
D:4:      layout_basic, nicolae_overflow_crystal_walls,
          minmay_temple_entry_waves
D:5:      layout_basic, grunt_gozag_breadcrumbs, serial_corexii_hall,
          corexii_hall_statues_s, corexii_hall_statues_x, uniq_blork_the_orc
D:6:      layout_rooms, okawaru_altar_gauntlet_db, uniq_pikel
D:7:      layout_basic
D:8:      layout_rooms, overflow_temple_1_default, grunt_ogre_cave,
          feat_on_display
Temple:   nicolae_temple_x_marks_the_god

Skill      XL: |  1  2  3  4  5  6  7  8  9 |
---------------+----------------------------+-----
Shields        | 4 5 6 7 8 |  8.2
Armour         | 4 5 6 7 |  7.0
Long Blades    | 3 4 5 6 8 |  8.3
Stealth        | 1 2 |  2.2
Dodging        | 1 |  1.8
Fighting       | 4 5 6 |  6.4

Action                   |  1- 3 |  4- 6 |  7- 9 | 10-12 || total
-------------------------+-------+-------+-------+-------++-------
Melee: Long sword        |   106 |    93 |       |       ||   199
       Falchion          |       |    38 |   345 |    15 ||   398
Invok: Heroism           |       |       |     1 |     1 ||     2
 Abil: Dig               |       |       |     1 |       ||     1
  Use: Potion            |     1 |     1 |     6 |     1 ||     9
       Scroll            |       |     3 |     5 |       ||     8
  Eat: Chunk             |       |     8 |     7 |       ||    15
       Ration            |       |       |     1 |       ||     1
Armor: Scale mail        |    31 |     8 |       |       ||    39
       Chain mail        |       |    48 |    98 |     3 ||   149
Dodge: Dodged            |    45 |    36 |    84 |     4 ||   169
Block: Shield            |    70 |    57 |   172 |    13 ||   312
       Rpst.: Long sword |     9 |     5 |       |       ||    14
       Falchion          |       |     4 |    27 |     1 ||    32
